 Seeded DCSS version 0.31-a0-18-gea43df2a32 (webtiles) character file.

Game seed: 20230511 (custom seed)

41239 a11behringer the Severer (level 13, -3/125 HPs)
             Began as a Minotaur Berserker on May 13, 2023.
             Was an Elder of Trog.
             Slain by a freezing wraith (8 damage)
             ... in an ice cave.
             The game lasted 00:41:29 (13805 turns).

a11behringer the Severer (Minotaur Berserker)      Turns: 13805, Time: 00:41:29

Health: -3/125     AC: 32    Str: 27    XL:     13   Next: 78%
Magic:  12/12      EV: 10    Int: 10    God:    Trog [****..]
Gold:   849        SH:  0    Dex:  6    Spells: 12/12 levels left

rFire   . . .        M - +8 frozen axe "Frostbite" {freeze, freezing cloud, *Noise Fly rC+}
rCold   + . .        (shield currently unavailable)
rNeg    + . .        r - +9 plate armour "Xerhukk" {rElec rPois Regen+ Dex-4}
rPois   +            m - +2 hat
rElec   +            w - +1 cloak
rCorr   .            (no gloves)
SInv    .            d - +1 pair of boots
Will    ++...        v - amulet of magic regeneration Stlth
                     a - ring of positive energy
HPRegen 2.20/turn    G - +6 ring of intelligence
MPRegen 0.53/turn

%: no passive effects
@: strong-willed, on berserk cooldown, flying, regenerating, slowed, studying
Fighting, very slow
A: horns 2, retaliatory headbutt
a: Renounce Religion, Berserk, Trog's Hand, Brothers in Arms


You were in an ice cave.
You worshipped Trog.
Trog was greatly pleased with you.
You visited 1 branch of the dungeon, and saw 14 of its levels.
You also visited: Bailey and Ice Cave.

You collected 849 gold pieces.

Inventory:

Hand Weapons
 A - a +4 heavy flail
 M - the +8 frozen axe "Frostbite" (weapon) {freeze, freezing cloud, *Noise Fly rC+}
   (You acquired it on level 10 of the Dungeon)

   rC:        It protects you from cold.
   Fly:       It grants you flight.
   *Noise:    It may make noises in combat.
 R - a +3 arbalest
 S - a +1 antimagic executioner's axe
 U - the +11 triple sword of Mourning {drain, Will+ Int+4}
   (You found it in a bailey)

   Int:       It affects your intelligence (+4).
   Will:      It increases your willpower.
 V - the +0 arbalest "Laudadas" {freeze, rC- rCorr Dex+5}
   (You found it in a bailey)

   Dex:       It affects your dexterity (+5).
   rC:        It makes you vulnerable to cold.
   rCorr:     It protects you from acid and corrosion.
Missiles
 o - 9 javelins (quivered)
Armour
 b - an orb of light
 d - a +1 pair of boots (worn)
 l - a +0 chain mail
 m - a +2 hat (worn)
 n - a +3 leather armour of poison resistance
 r - the +9 plate armour "Xerhukk" (worn) {rElec rPois Regen+ Dex-4}
   (You took it off an orc warrior on level 7 of the Dungeon)

   Dex:       It affects your dexterity (-4).
   rElec:     It insulates you from electricity.
   rPois:     It protects you from poison.
   Regen:     It increases your rate of health regeneration.
 w - a +1 cloak (worn)
Jewellery
 a - a ring of positive energy (left hand)
 v - an amulet of magic regeneration (around neck)
 G - a +6 ring of intelligence (right hand)
Wands
 j - a wand of quicksilver (15)
 s - a wand of charming (16)
 x - a wand of flame (9)
 y - a wand of polymorph (11)
 E - a wand of mindburst (23)
 K - a wand of iceblast (16)
 L - a wand of digging (9)
Scrolls
 e - a scroll of magic mapping
 f - a scroll of identify
 k - 5 scrolls of enchant armour
 z - 3 scrolls of enchant weapon
 B - a scroll of blinking
 I - 2 scrolls of silence
 J - 5 scrolls of teleportation
 N - a scroll of poison
 O - a scroll of brand weapon
 W - 2 scrolls of fear
Potions
 c - 5 potions of heal wounds
 g - 9 potions of curing
 h - 3 potions of mutation
 i - 2 potions of resistance {unknown}
 p - 2 potions of lignification
 q - a potion of magic
 t - a potion of ambrosia
 u - 4 potions of flight
 D - 2 potions of berserk rage
 F - 2 potions of attraction
 H - a potion of invisibility
 P - a potion of cancellation
 X - a potion of haste
 Y - 4 potions of might


   Skills:
 + Level 14.5 Fighting
 * Level 20.5 Axes
 + Level 13.2 Armour
 + Level 12.1 Dodging


You had 12 spell levels left.
You didn't know any spells.
Your spell library contained the following spells:

 Spells                   Type           Power      Damage    Failure   Level
 Shock                    Conj/Air       0%         1d3       95%         1


Dungeon Overview and Level Annotations

Branches:
Dungeon (14/15)            Temple (0/1) D:6            Lair (0/5) D:11
    Orc (0/2) D:11         Vaults (0/5) D:14         Bailey (visited)
  IceCv (1/1)

Altars:
Dithmenos
Kikubaaqudgha
Qazlal
Ru
Sif Muna
Uskayaw
Vehumet
Xom
Zin
The Shining One

Annotations:
IceCv exclusion: orange crystal statue


Innate Abilities, Weirdness & Mutations

You have a pair of horns on your head.
You reflexively headbutt those who attack you in melee.


Message History

You resist.
* * * LOW HITPOINT WARNING * * *
The caustic shrike simulacrum claws you but does no damage.
You feel much better.
The caustic shrike simulacrum claws you but does no damage. x2
The golden dragon simulacrum barely misses you.
The golden dragon simulacrum claws you but does no damage.
The golden dragon simulacrum tramples you but does no damage.
The caustic shrike simulacrum claws you but does no damage.
You slice the golden dragon simulacrum!!
You headbutt the golden dragon simulacrum, but do no damage.
The golden dragon simulacrum is moderately damaged.
You hit the caustic shrike simulacrum.
The caustic shrike simulacrum barely misses you.
You furiously retaliate!
You headbutt the caustic shrike simulacrum.
The golden dragon simulacrum bites you but does no damage.
The golden dragon simulacrum barely misses you.
The golden dragon simulacrum tramples you but does no damage.
The caustic shrike simulacrum claws you.
The caustic shrike simulacrum freezes you!!
You resist.
* * * LOW HITPOINT WARNING * * *
You carve the golden dragon simulacrum like a ham!!!
The golden dragon simulacrum vaporises!
Trog accepts your kill.
You closely miss the caustic shrike simulacrum.
Your skin stops crawling.
You feel less strong-willed.
The caustic shrike simulacrum claws you but does no damage.
Your skin crawls.
You feel strong-willed.
The caustic shrike simulacrum claws you.
* * * LOW HITPOINT WARNING * * *
The caustic shrike simulacrum freezes you!!
You resist.
* * * LOW HITPOINT WARNING * * *
The caustic shrike simulacrum claws you but does no damage.
The freezing wraith barely misses you. You furiously retaliate!
You headbutt the freezing wraith! The freezing wraith hits you!
You die...

####### #######
#.....## ##../$[# ..
#......###.....[# ....
#.......#.......#.....
#.∩..∩......Z.........
#.......#..@WZ..#...Z.
#......###..Z..[# .Z.
#.....## ##..$(!# 8
####### #######


You could see a freezing wraith, a seven-headed hydra simulacrum, an ettin
simulacrum and a caustic shrike simulacrum.

Vanquished Creatures
  Gastronok (D:12)
  An azure jelly (D:14)
  Erolcha (D:9)
  8 vault guards (D:14)
  2 centaur warriors (D:13)
  5 two-headed ogres
  3 boulder beetles
  A tengu warrior (D:14)
  The ghost of Mickster the Cleaver, a novice HOBe of Trog (D:7)
  An orc knight (Bailey)
  A deep elf pyromancer (D:12)
  6 ugly things
  5 cyclopes
  2 manticores
  3 gargoyles
  3 kobold demonologists
  An unseen horror (D:13)
  A komodo dragon (D:11)
  A freezing wraith (D:14)
  2 anaconda simulacra (IceCv)
  3 golden dragon simulacra (IceCv)
  A queen bee (shapeshifter) (D:13)
  A troll (D:13)
  A hornet (D:11)
  7 slime creatures
  2 centaur simulacra (D:14)
  A vampire (D:9)
  A shadow (D:10)
  3 wraiths
  Grum (D:8)
  14 yaks
  2 dire elephant simulacra (IceCv)
  A water elemental (D:12)
  A wyvern (D:8)
  4 steam dragons
  Edmund (D:4)
  9 vampire mosquitoes
  6 water moccasins
  2 harpy simulacra (IceCv)
  An acid dragon (D:9)
  14 orc warriors
  A black bear (shapeshifter) (D:13)
  2 black bears
  5 ice beasts
  2 alligator simulacra (IceCv)
  2 sky beasts
  An ettin simulacrum (IceCv)
  4 ogres
  3 wolves (D:8)
  14 centaurs
  2 phantoms
  6 kobold brigands
  8 bullfrogs
  A gnoll sergeant (D:10)
  5 scorpions
  12 wights
  11 killer bees
  A killer bee (shapeshifter) (D:13)
  4 howler monkeys
  2 electric eels (D:12)
  3 hounds
  A quasit (D:6)
  7 orc priests
  4 jellies
  A gnoll bouda (D:7)
  A sleepcap (D:5)
  An iguana (D:4)
  17 orc wizards
  A boggart simulacrum (D:14)
  11 gnolls
  12 adders
  A shadow imp (D:6)
  A white imp (D:6)
  4 ufetubi
  3 worms
  A dart slug (D:1)
  70 orcs
  5 bats
  7 endoplasms
  6 giant cockroaches
  13 goblins
  5 hobgoblins
  6 jackals
  40 kobolds
  6 quokkas
  4 ball pythons
  2 frilled lizards (D:3)
  12 rats
456 creatures vanquished.

Vanquished Creatures (collateral kills)
  A centaur warrior (D:14)
  A freezing wraith (D:14)
  An electric eel (D:14)
3 creatures vanquished.

Vanquished Creatures (others)
  An orc wizard (D:9)
1 creature vanquished.

Grand Total: 460 creatures vanquished

Notes
Turn   | Place    | Note
-------+----------+-------------------------------------------
     0 | D:1      | a11behringer the Minotaur Berserker began the quest for the
                  | Orb.
     0 | D:1      | Reached XP level 1. HP: 19/19 MP: 0/0
   195 | D:1      | Found a faded altar of an unknown god.
   202 | D:1      | Reached XP level 2. HP: 25/27 MP: 1/1
   203 | D:1      | Reached skill level 4 in Axes
   701 | D:2      | Reached XP level 3. HP: 33/33 MP: 2/2
   794 | D:2      | Reached ** piety under Trog
  1197 | D:2      | Reached XP level 4. HP: 37/40 MP: 3/3
  1469 | D:2      | Reached skill level 5 in Axes
  1935 | D:3      | Reached XP level 5. HP: 47/47 MP: 4/4
  2303 | D:3      | Noticed a sky beast
  2314 | D:3      | Killed a sky beast
  2607 | D:4      | Reached XP level 6. HP: 30/55 MP: 5/5
  2878 | D:4      | Reached skill level 5 in Fighting
  2927 | D:4      | Reached skill level 6 in Axes
  3039 | D:4      | Identified a scroll of acquirement
  3039 | D:4      | Acquired a manual of Axes
  3075 | D:4      | Noticed Edmund
  3084 | D:4      | Killed Edmund
  3085 | D:4      | Reached skill level 7 in Axes
  3085 | D:4      | Reached XP level 7. HP: 42/61 MP: 6/6
  3173 | D:4      | Found a sacrificial altar of Ru.
  3186 | D:5      | Entered Level 5 of the Dungeon
  3327 | D:5      | Reached *** piety under Trog
  3335 | D:5      | Reached skill level 8 in Axes
  3335 | D:5      | Reached skill level 5 in Armour
  3350 | D:5      | Reached skill level 9 in Axes
  3463 | D:5      | Reached skill level 5 in Dodging
  3463 | D:5      | Reached XP level 8. HP: 66/70 MP: 7/7
  3900 | D:6      | Reached skill level 10 in Axes
  3959 | D:6      | Found a glowing silver altar of Zin.
  4157 | D:6      | Found a staircase to the Ecumenical Temple.
  4231 | D:6      | Reached skill level 11 in Axes
  4651 | D:6      | Reached XP level 9. HP: 79/79 MP: 8/8
  4718 | D:6      | Found a hide-covered altar of Uskayaw.
  4735 | D:6      | Found a glowing golden altar of the Shining One.
  4941 | D:6      | Reached skill level 12 in Axes
  5283 | D:7      | Reached skill level 13 in Axes
  5360 | D:7      | Identified the +0 chain mail of the Ten Uplifting Eyes
                  | {Drain rF+++ Will+ Int+2}
  5473 | D:7      | Noticed a gargoyle
  5483 | D:7      | Killed a gargoyle
  5717 | D:7      | Reached **** piety under Trog
  5718 | D:7      | Reached skill level 14 in Axes
  5723 | D:7      | Found a shimmering blue altar of Sif Muna.
  5733 | D:7      | Found an ancient bone altar of Kikubaaqudgha.
  5742 | D:7      | Found a radiant altar of Vehumet.
  5758 | D:7      | Got Vehumet's Anthology of Wounds
  5945 | D:7      | Found a runed translucent gate.
  5947 | D:7      | Found a runed translucent gate.
  5948 | D:7      | Found a runed translucent gate.
  5948 | D:7      | Noticed Mickster's ghost (novice HOBe)
  5948 | D:7      | Identified the +9 plate armour "Xerhukk" {rElec rPois
                  | Regen+ Dex-4}
  6579 | D:8      | Reached XP level 10. HP: 89/89 MP: 9/9
  6758 | D:8      | Noticed Grum
  6779 | D:8      | Killed Grum
  6780 | D:8      | Reached skill level 15 in Axes
  7500 | D:9      | Reached ***** piety under Trog
  7992 | D:9      | Found a stormy altar of Qazlal.
  8004 | D:9      | Reached skill level 16 in Axes
  8072 | D:9      | Noticed a cyclops
  8079 | D:9      | Killed a cyclops
  8215 | D:9      | Noticed a two-headed ogre
  8219 | D:9      | Killed a two-headed ogre
  8337 | D:9      | Noticed Erolcha
  8344 | D:9      | Killed Erolcha
  8345 | D:9      | Reached skill level 10 in Fighting
  8345 | D:9      | Reached XP level 11. HP: 99/99 MP: 10/10
  8646 | D:10     | Entered Level 10 of the Dungeon
  8686 | D:10     | Noticed a boulder beetle
  8752 | D:10     | Killed a boulder beetle
  8784 | D:10     | Found a shadowy altar of Dithmenos.
  8841 | D:10     | Found a shimmering altar of Xom.
  8893 | D:10     | Found a flagged portal.
  8911 | Bailey   | Entered a bailey
  9004 | Bailey   | Reached skill level 10 in Armour
  9167 | Bailey   | Reached skill level 17 in Axes
  9392 | Bailey   | Received a gift from Trog
  9412 | Bailey   | Noticed an orc knight
  9419 | Bailey   | Killed an orc knight
  9426 | Bailey   | Identified the +0 arbalest "Laudadas" {freeze, rC- rCorr
                  | Dex+5}
  9428 | Bailey   | Identified the +11 triple sword of Mourning {drain, Will+
                  | Int+4}
  9602 | D:10     | Identified the +3 dagger of Plunder {antimagic, rF+}
  9624 | D:10     | Acquired the +8 frozen axe "Frostbite" {freeze, freezing
                  | cloud, *Noise Fly rC+}
  9624 | D:10     | Found the +8 frozen axe "Frostbite" {freeze, freezing
                  | cloud, *Noise Fly rC+}
  9922 | D:10     | Noticed a two-headed ogre
  9927 | D:10     | Killed a two-headed ogre
 10189 | D:11     | Found a staircase to the Lair.
 10361 | D:11     | Noticed a red ugly thing
 10368 | D:11     | Killed a red ugly thing
 10485 | D:11     | Found a staircase to the Orcish Mines.
 10677 | D:11     | Noticed a two-headed ogre
 10684 | D:11     | Killed a two-headed ogre
 10685 | D:11     | Reached skill level 10 in Dodging
 10685 | D:11     | Reached XP level 12. HP: 72/110 MP: 11/11
 11016 | D:12     | Reached skill level 18 in Axes
 11082 | D:12     | Noticed a two-headed ogre
 11095 | D:12     | Killed a two-headed ogre
 11755 | D:12     | Noticed Gastronok
 11765 | D:12     | Received a gift from Trog
 11765 | D:12     | Noticed a boulder beetle
 11767 | D:12     | Killed Gastronok
 11774 | D:12     | Killed a boulder beetle
 12087 | D:7      | Killed Mickster's ghost
 12312 | D:13     | Noticed a centaur warrior
 12325 | D:13     | Killed a centaur warrior
 12326 | D:13     | Reached skill level 19 in Axes
 12486 | D:13     | Noticed a boulder beetle
 12498 | D:13     | Killed a boulder beetle
 12818 | D:13     | Acquired a manual of Fighting
 12952 | D:13     | Noticed a centaur warrior
 12963 | D:13     | Reached XP level 13. HP: 98/119 MP: 12/12
 13648 | D:14     | Found a gate to the Vaults.
 13680 | D:14     | Reached skill level 20 in Axes
 13746 | D:14     | Noticed an azure jelly
 13750 | D:14     | Found a frozen archway.
 13755 | D:14     | Killed an azure jelly
 13773 | IceCv    | Entered an ice cave
 13805 | IceCv    | HP: 5/125 [caustic shrike simulacrum (24)]
 13805 | IceCv    | Slain by a freezing wraith

Illustrated notes

Levels and vault maps discovered:
D:1:      ebering_hopf_link, layout_loops_ring, ebering_ecumenical_altar_hall,
          minmay_tetromino_o2
D:2:      layout_basic, serial_bayou_pond_b, minmay_rat_gold_closets
D:3:      layout_basic, kennysheep_pointless_box, saegor_snake_ambush
D:4:      layout_rooms, nicolae_ru_path_of_blood, uniq_edmund
D:5:      layout_rooms, minmay_diced_spiral
D:6:      layout_loops_corners, zin_statuary, mainiacjoe_overflow_tiny_flanked,
          eat_drink_and_be_merry_uskayaw, minmay_temple_entry_ruins,
          serial_demonic, serial_demonic_b, serial_demonic_d, serial_demonic_e,
          serial_demonic_g
D:7:      layout_basic, palyth_temple_overflow_mages,
          biasface_ghost_orc_armoury, nicolae_elevator_lobby_asterisk
D:8:      kennysheep_kobold_camp, layout_gridville, uniq_grum
D:9:      layout_loops_ring, grunt_qazlal_sundering, nrook_mini_backslash,
          uniq_erolcha
D:10:     layout_rooms, mainiacjoe_overflow_concentric_impassable,
          grunt_dithmenos_smoke_and_mirrors, enter_bailey_3
D:11:     layout_basic, due_lair_maze_entry_diamond, hiddenorc2_lemuel
D:12:     layout_basic, uniq_gastronok
D:13:     layout_basic
D:14:     layout_roguey, erik_vaults_2, serial_ice, serial_ice_a, serial_ice_l,
          serial_ice_b, serial_ice_e, portal_ice_cave_entry_frozen_things,
          nrook_mini_vaults
IceCv:    ice_cave_statue_garden_chambered

Skill      XL: |  1  2  3  4  5  6  7  8  9 10 11 12 13 |
---------------+----------------------------------------+-----
Axes           | 4 5 7 9 11 14 16 17 19 20 | 20.5
Fighting       | 4 5 6 7 8 10 11 12 14 | 14.5
Armour         | 3 4 5 6 8 9 10 12 13 | 13.2
Dodging        | 3 4 5 6 7 8 10 11 12 | 12.1

Action                     |  1- 3 |  4- 6 |  7- 9 | 10-12 | 13-15 || total
---------------------------+-------+-------+-------+-------+-------++-------
  Melee: Hand axe          |    82 |   117 |       |       |       ||   199
         Headbutt          |     9 |    21 |    40 |    89 |    25 ||   184
         Punch             |     2 |     2 |     1 |     3 |       ||     8
         War axe           |       |    16 |   212 |   286 |       ||   514
         Executioner's axe |       |       |       |   196 |    90 ||   286
 Invoke: Berserk           |       |     3 |     2 |     9 |     2 ||    16
         Trog's Hand       |       |     1 |       |     5 |     3 ||     9
         Brothers in Arms  |       |       |       |       |     1 ||     1
    Use: Scroll            |       |     8 |     6 |    16 |     1 ||    31
         Potion            |       |       |       |       |     2 ||     2
   Stab: Sleeping          |     2 |       |       |       |       ||     2
 Armour: Animal skin       |     9 |       |       |       |       ||     9
         Chain mail        |    17 |    88 |   108 |   213 |       ||   426
         Plate armour      |       |       |       |    78 |   125 ||   203
  Dodge: Dodged            |    41 |    74 |    92 |   339 |    57 ||   603

Table legend: (Time is in decaauts)
 A = Elapsed time spent in this place.
 B = Non-inter-level travel time spent in this place.
 C = Inter-level travel time spent in this place.
 D = Time resting spent in this place.
 E = Time spent auto-exploring this place.
 F = Levels seen in this place.
 G = Mean time per level.
                   A        B        C        D        E       F      G
               +--------+--------+--------+--------+--------+-----+--------+
         Total |  13918 |  12719 |   1199 |      0 |  10567 |  16 |  869.9 |
       Dungeon |  13380 |  12181 |   1199 |      0 |  10206 |  14 |  955.7 |
        Bailey |    510 |    510 |      0 |      0 |    361 |   1 |  510.0 |
      Ice Cave |     28 |     28 |      0 |      0 |      0 |   1 |   28.0 |
               +--------+--------+--------+--------+--------+-----+--------+

Top non-repeatable levels by time:
    D:12: 1517 daAuts
     D:7: 1299 daAuts
     D:8: 1266 daAuts
     D:9: 1219 daAuts
     D:6: 1185 daAuts
     D:3: 1058 daAuts
    D:10: 981 daAuts
    D:11: 905 daAuts
     D:2: 885 daAuts
    D:13: 877 daAuts
     D:5: 711 daAuts
     D:1: 681 daAuts
     D:4: 617 daAuts
  Bailey: 510 daAuts
    D:14: 173 daAuts
